 Dungeon Crawl Stone Soup version 0.22.0-6-g71bd7aa (webtiles) character file.

10479 Lauz the Carver (level 11, -2/102 HPs)
             Began as a Minotaur Berserker on Aug 15, 2018.
             Was a High Priest of Trog.
             Succumbed to a minotaur's poison
             ... in a labyrinth.
             The game lasted 00:43:00 (10911 turns).

Lauz the Carver (Minotaur Berserker)               Turns: 10911, Time: 00:43:01

Health: -2/102     AC:  8    Str: 24 (26) XL:     11   Next: 36%
Magic:  5/10       EV: 11    Int:  9 (11) God:    Trog [*****.]
Gold:   604        SH:  0    Dex: 10 (11) Spells: 10/10 levels left

rFire    + + .     SeeInvis .   B - +6 triple sword (holy)
rCold    . . .     Gourm    .   (shield currently unavailable)
rNeg     . . .     Faith    .   n - +0 ring mail
rPois    .         Spirit   +   (helmet restricted)
rElec    .         Reflect  .   u - scarf {Spirit}
rCorr    .         Harm     .   (no gloves)
MR       .....                  y - +0 pair of boots
Stlth    +.........             v - amulet of the acrobat
HPRegen  0.27/turn              i - +2 ring of strength
MPRegen  0.12/turn              m - ring "Wazxuc" {Wiz rF++ Int+2 Stlth+}

@: brilliant, lethally poisoned (-2 -> -48), berserk cooldown, hasted and slowed
A: retaliatory headbutt, horns 2
a: Berserk, Trog's Hand, Brothers in Arms, Renounce Religion


You were in a labyrinth.
You worshipped Trog.
Trog was extremely pleased with you.
You were not hungry.

You visited 1 branch of the dungeon, and saw 12 of its levels.
You also visited: Labyrinth.

You collected 604 gold pieces.

Inventory:

Hand Weapons
 a - a +0 falchion
 r - a +1 long sword
 s - a +0 blowgun
 B - a +6 triple sword of holy wrath (weapon)
 F - a +3 long sword
 H - the +7 rapier "Dan Daps" {vamp, rC++ Int+4}
   (You found it on level 8 of the Dungeon)

   It inflicts no extra harm, but heals its wielder when it wounds a living foe.
   It affects your intelligence (+4).
   It greatly protects you from cold.
Missiles
 t - 38 poisoned needles
Armour
 n - a +0 ring mail (worn)
 u - a scarf of spirit shield (worn)
 w - a +0 buckler
 y - a +0 pair of boots (worn)
 M - a cursed +0 plate armour
 N - a +0 cloak
Jewellery
 i - a +2 ring of strength (left hand)
 m - the ring "Wazxuc" (right hand) {Wiz rF++ Int+2 Stlth+}
   (You found it on level 6 of the Dungeon)

   [ring of wizardry]

   It improves your spell success rate.
   It affects your intelligence (+2).
   It greatly protects you from fire.
   It makes you more stealthy.
 v - an amulet of the acrobat (around neck)
 O - the amulet "Tufoteth" {Acrobat *Drain +Inv rPois Dex+6, unknown}
   (You took it off a minotaur in a labyrinth)

   [amulet of the acrobat]

   It helps you evade while moving and waiting.
   It affects your dexterity (+6).
   It protects you from poison.
   It lets you turn invisible.
   It causes draining when unequipped.
Wands
 z - a wand of polymorph (23)
 G - a wand of flame (11)
 J - a wand of paralysis (8)
Scrolls
 b - 3 scrolls of magic mapping
 e - 4 scrolls of identify
 g - a scroll of enchant weapon
 o - 5 scrolls of remove curse
 x - 7 scrolls of teleportation {unknown}
 C - a scroll of blinking {unknown}
 E - a scroll of random uselessness {unknown}
 I - 3 scrolls of enchant armour {unknown}
 K - a scroll of fear {unknown}
 L - a scroll of silence {unknown}
Potions
 d - 2 potions of berserk rage {unknown}
 f - a potion of lignification {unknown}
 h - 3 potions of curing {unknown}
 j - a potion of heal wounds {unknown}
 k - 4 potions of brilliance
 l - 8 potions of degeneration
 p - a potion of flight {unknown}
 q - a potion of ambrosia {unknown}
 A - 3 potions of haste
 D - a potion of resistance {unknown}
Comestibles
 c - 22 rations


   Skills:
 + Level 11.0 Fighting
 * Level 14.4 Long Blades
 + Level 8.8 Armour
 - Level 2.1 Dodging
 - Level 8.0 Shields


You had 10 spell levels left.
You didn't know any spells.
Your spell library was empty.

Dungeon Overview and Level Annotations

Branches:
Dungeon (12/15)            Temple (0/1) D:6            Lair (0/6) D:9
    Orc: D:9-12

Altars:
Ashenzari
Dithmenos
Fedhas
Hepliaklqana
Makhleb
Nemelex Xobeh
Okawaru
Qazlal
Sif Muna
Uskayaw
Vehumet
Xom

Shops:
D:4 !


Innate Abilities, Weirdness & Mutations

You reflexively headbutt those who attack you in melee.
You have a pair of horns on your head.


Message History

* * * LOW HITPOINT WARNING * * *
You feel very sick.
You feel your anger nearly subside.
You are no longer berserk.
You are exhausted.
You feel yourself slow down.
* * * LOW HITPOINT WARNING * * *
You feel very sick.
Things that are here:
a halberd of venom; 15 javelins; a minotaur corpse It was a potion of degeneration.
There was something very wrong with that liquid.
You feel weakened.
You feel dopey.
You feel clumsy.
* * * LOW HITPOINT WARNING * * *
You feel extremely sick.
It was a potion of brilliance.
You feel clever all of a sudden.
* * * LOW HITPOINT WARNING * * *
You feel very sick.
It was a potion of haste.
You feel yourself speed up.
You die...

## . .####
....
###..#######
#....#.#≈≈≈#
#..#.#.≈≈#
#..'.@.<≈#
##.#.#.≈≈#
#..#.#≈≈≈#
#.# .#######
.#.......#
#.#### ###
#. ...#. ##
### .# #
....#..# #.


There were no monsters in sight!

Vanquished Creatures
  A minotaur (Lab)
  Snorg (D:11)
  A two-headed ogre (D:11)
  An unseen horror (D:11)
  Pikel (D:9)
  An ugly thing (D:11)
  A deep elf mage (D:12)
  A minotaur skeleton (Lab)
  3 hippogriffs
  2 hungry ghosts
  Menkaure (D:4)
  An orc warrior (D:10)
  2 ice beasts
  An eye of draining (D:10)
  A sky beast (D:7)
  A black bear (D:9)
  2 phantoms
  A necrophage (D:9)
  5 ogres
  3 centaurs
  3 big kobolds
  An earth elemental (Lab)
  A gnoll sergeant (D:11)
  6 bullfrogs
  A wyvern zombie (D:10)
  A wyvern skeleton (D:8)
  2 scorpions (D:11)
  18 killer bees
  10 wights
  4 howler monkeys
  5 crimson imps
  3 bullfrog zombies
  6 orc priests
  2 jellies
  6 orc wizards
  4 hounds
  4 iguanas
  2 centaur skeletons
  8 worker ants
  Natasha (twice) (D:2)
  A hound skeleton (D:4)
  A hound zombie (D:6)
  A howler monkey zombie (D:9)
  10 adders
  11 gnolls
  3 shadow imps
  2 oozes (D:3)
  An adder skeleton (D:5)
  An adder zombie (D:8)
  A worm (D:6)
  2 dart slugs
  4 leopard geckos
  21 orcs
  3 giant cockroaches
  9 goblins
  7 hobgoblins
  6 jackals
  5 quokkas
  A ball python (D:3)
  8 bats
  4 frilled lizards
  17 kobolds
  A leopard gecko zombie (D:5)
  11 rats
251 creatures vanquished.

Notes
Turn   | Place    | Note
-------+----------+-------------------------------------------
     0 | D:1      | Lauz the Minotaur Berserker began the quest for the Orb.
     0 | D:1      | Reached XP level 1. HP: 19/19 MP: 0/0
   117 | D:1      | Reached skill level 4 in Long Blades
   153 | D:1      | Reached XP level 2. HP: 21/27 MP: 1/1
   655 | D:2      | Noticed Natasha
   660 | D:2      | Killed Natasha
   660 | D:2      | Reached skill level 5 in Long Blades
   660 | D:2      | Reached XP level 3. HP: 23/34 MP: 2/2
   862 | D:2      | Noticed an ogre
   871 | D:2      | Killed an ogre
   871 | D:2      | Reached skill level 6 in Long Blades
   871 | D:2      | Reached XP level 4. HP: 18/41 MP: 3/3
   881 | D:2      | Reached XP level 5. HP: 16/47 MP: 4/4
  1138 | D:2      | Found a hazy altar of Hepliaklqana.
  1139 | D:2      | Found a shimmering altar of Xom.
  1139 | D:2      | Noticed a yak
  1140 | D:2      | Noticed a yak
  1140 | D:2      | Noticed a spectral ugly thing
  1209 | D:2      | Reached skill level 5 in Fighting
  1211 | D:2      | Reached ** piety under Trog
  1307 | D:2      | Noticed Natasha
  1312 | D:2      | Killed Natasha
  1529 | D:3      | Found a burning altar of Makhleb.
  1531 | D:3      | Found a transporter.
  1807 | D:3      | HP: 3/72 [orc priest (2)]
  1811 | D:3      | HP: 1/72 [orc priest/flail (3)]
  1812 | D:3      | Reached skill level 7 in Long Blades
  1812 | D:3      | Reached XP level 6. HP: 1/56 MP: 5/5
  2491 | D:3      | Found a transporter.
  2929 | D:4      | Reached *** piety under Trog
  3201 | D:4      | Reached skill level 8 in Long Blades
  3273 | D:4      | Found Largheif's Distillery.
  3396 | D:4      | Reached XP level 7. HP: 54/64 MP: 6/6
  3416 | D:4      | Found a sparkling altar of Nemelex Xobeh.
  3416 | D:4      | Noticed Menkaure
  3421 | D:4      | Killed Menkaure
  3905 | D:4      | Reached skill level 9 in Long Blades
  4224 | D:5      | Entered Level 5 of the Dungeon
  4227 | D:5      | Reached skill level 1 in Shields
  4453 | D:5      | Found an iron altar of Okawaru.
  4638 | D:5      | Reached XP level 8. HP: 69/71 MP: 7/7
  5144 | D:6      | Found a staircase to the Ecumenical Temple.
  5151 | D:6      | Got a sparkling granite ring
  5160 | D:6      | Found a shattered altar of Ashenzari.
  5538 | D:6      | Reached skill level 10 in Long Blades
  6072 | D:7      | Found a sparkling altar of Nemelex Xobeh.
  6087 | D:7      | Reached skill level 5 in Shields
  6406 | D:7      | Reached **** piety under Trog
  6926 | D:7      | Found a radiant altar of Vehumet.
  6928 | D:7      | Found a deep blue altar of Sif Muna.
  6935 | D:7      | Found a hide-covered altar of Uskayaw.
  6936 | D:7      | Found a blossoming altar of Fedhas.
  7078 | D:8      | Reached XP level 9. HP: 68/78 MP: 5/8
  7201 | D:8      | Reached skill level 11 in Long Blades
  7382 | D:8      | Reached skill level 5 in Armour
  7651 | D:8      | Got a smoking rapier
  7735 | D:8      | Identified the ring "Wazxuc" {Wiz rF++ Int+2 Stlth+} (You found it on level 6 of the Dungeon)
  7739 | D:8      | Identified the +7 rapier "Dan Daps" {vamp, rC++ Int+4} (You found it on level 8 of the Dungeon)
  8203 | D:9      | Found a shadowy altar of Dithmenos.
  8270 | D:9      | Reached skill level 12 in Long Blades
  8303 | D:9      | Found a staircase to the Lair.
  8322 | D:9      | Found a stormy altar of Qazlal.
  8409 | D:9      | Noticed Pikel
  8418 | D:9      | Killed Pikel
  8442 | D:10     | Entered Level 10 of the Dungeon
  8548 | D:10     | Reached XP level 10. HP: 82/88 MP: 9/9
  9446 | D:10     | Reached ***** piety under Trog
  9582 | D:11     | Noticed Snorg
  9617 | D:11     | Noticed a two-headed ogre
  9626 | D:11     | Killed a two-headed ogre
  9626 | D:11     | Reached skill level 13 in Long Blades
  9646 | D:11     | Killed Snorg
  9652 | D:11     | Killed an unseen horror
  9652 | D:11     | Reached skill level 10 in Fighting
  9947 | D:11     | Noticed a brown ugly thing
  9964 | D:11     | Killed a brown ugly thing
  9964 | D:11     | Reached XP level 11. HP: 54/101 MP: 5/10
 10236 | D:11     | Reached skill level 14 in Long Blades
 10239 | D:11     | Received a gift from Trog
 10253 | D:11     | Noticed a four-headed hydra
 10314 | D:12     | Found a labyrinth entrance.
 10314 | D:12     | Noticed a deep elf mage
 10319 | D:12     | Killed a deep elf mage
 10551 | Lab      | Entered a labyrinth
 10710 | Lab      | Found an exit through the horrors of the Abyss.
 10897 | Lab      | Noticed a minotaur
 10904 | Lab      | Killed a minotaur
 10906 | Lab      | Got a wavering amethyst amulet
 10910 | Lab      | HP: 3/102 [poisoned by a minotaur]
 10911 | Lab      | Succumbed to a minotaur's poison

Skill      XL: |  1  2  3  4  5  6  7  8  9 10 11 |
---------------+----------------------------------+-----
Long Blades    | 4 5 6 7 8 9 10 12 13 14 | 14.4
Fighting       | 4 5 6 7 10 11 | 11.0
Shields        | 3 6 8 |  8.0
Armour         | 4 6 8 |  8.8
Dodging        | |  2.1

Action                   |  1- 3 |  4- 6 |  7- 9 | 10-12 || total
-------------------------+-------+-------+-------+-------++-------
Melee: Falchion          |    57 |    34 |       |       ||    91
       Headbutt          |     6 |    21 |    69 |    46 ||   142
       Long sword        |       |    88 |   253 |   175 ||   516
       Triple sword      |       |       |       |    25 ||    25
 Fire: Blowgun           |       |       |       |     3 ||     3
Invok: Berserk           |     1 |     1 |       |     2 ||     4
  Use: Scroll            |       |     2 |     8 |     2 ||    12
       Potion            |       |       |       |     3 ||     3
 Stab: Sleeping          |     1 |     1 |       |       ||     2
  Eat: Chunk             |       |     9 |    10 |     5 ||    24
       Ration            |       |       |     2 |     2 ||     4
Armor: Animal skin       |    14 |     3 |       |       ||    17
       Ring mail         |       |    29 |    69 |    42 ||   140
Dodge: Dodged            |    36 |    69 |   141 |    95 ||   341
Block: Buckler           |       |       |    48 |    48 ||    96
       Rpst.: Falchion   |     9 |     2 |       |       ||    11
       Long sword        |       |    10 |    29 |    29 ||    68
       Triple sword      |       |       |       |     2 ||     2
